 Dungeon Crawl Stone Soup version 0.26-a0-664-gc8b27b8fc1 (webtiles) character file.

Game seed: 17630546774211187143

1269 Notrik the Fighter (level 8, 0/80 HPs)
             Began as a Minotaur Fighter on Oct 13, 2020.
             Slain by an orc
             ... wielding a +0 flail
              (6 damage)
             ... on level 4 of the Dungeon.
             The game lasted 00:05:40 (3977 turns).

Notrik the Fighter (Minotaur Fighter)               Turns: 3977, Time: 00:05:41

Health: 0/80       AC: 10    Str: 23    XL:     8   Next: 28%
Magic:  7/7        EV:  7    Int:  5    God:
Gold:   217        SH:  9    Dex: 10    Spells: 7/7 levels left

rFire    . . .     SeeInvis .   a - +0 war axe
rCold    . . .     Faith    .   c - +0 kite shield
rNeg     . . .     Spirit   .   b - +0 scale mail
rPois    .         Reflect  .   (helmet restricted)
rElec    .         Harm     .   (no cloak)
rCorr    .         Rampage  .   m - +2 pair of gloves
MR       .....                  (no boots)
Stlth    ..........             (no amulet)
HPRegen  0.23/turn              (no ring)
MPRegen  0.10/turn              (no ring)

@: stab
A: retaliatory headbutt, horns 2
a: no special abilities


You were on level 4 of the Dungeon.
You visited 1 branch of the dungeon, and saw 5 of its levels.
You also visited: Ossuary.

You collected 217 gold pieces.

Inventory:

Hand Weapons
 a - a +0 war axe (weapon)
Armour
 b - a +0 scale mail (worn)
 c - a +0 kite shield (worn)
 m - a +2 pair of gloves (worn)
   (You found it on level 2 of the Dungeon)
Scrolls
 e - 2 scrolls of magic mapping
 f - 4 scrolls of enchant armour
 g - 12 scrolls of identify {unknown}
 j - 4 scrolls of remove curse {@r2}
 k - a scroll of fog {unknown}
 q - 5 scrolls of teleportation {unknown}
 t - a scroll of enchant weapon {unknown}
 u - a scroll of random uselessness {unknown}
 v - a scroll of amnesia {unknown}
Potions
 d - 2 potions of might
 h - 3 potions of stabbing
 i - 5 potions of lignification {unknown}
 l - 2 potions of ambrosia {unknown}
 n - 2 potions of heal wounds {unknown}
 o - a potion of curing {unknown}
 p - a potion of brilliance {unknown}
 r - a potion of cancellation {unknown}
 s - a potion of haste {unknown}


   Skills:
 * Level 10.4 Fighting
 + Level 7.3 Axes
 - Level 3.6 Armour
 - Level 3.6 Shields


You had 7 spell levels left.
You didn't know any spells.
Your spell library contained the following spells:

 Spells                   Type           Power        Failure   Level
 Animate Skeleton         Necr           #.....       99%         1
 Apportation              Tloc           #.....       99%         1
 Corona                   Hex            #......      99%         1
 Summon Small Mammal      Summ           #...         99%         1


Dungeon Overview and Level Annotations

Branches:
Dungeon (5/15)            Ossuary (visited)
 Temple: D:4-7

Altars:
Dithmenos


Innate Abilities, Weirdness & Mutations

You reflexively headbutt those who attack you in melee.
You have a pair of horns on your head.


Message History

The orc wizard flickers and vanishes!
Deactivating autopickup; reactivate with Ctrl-A.
The orc wizard gestures wildly while chanting.
The orc wizard blinks!
The orc hits you but does no damage.
The orc priest mumbles some strange prayers to Beogh against you.
Beogh smites you!
* * * LOW HITPOINT WARNING * * *
The orc wizard points at you and mumbles some strange words.
The magic dart hits you.
* * * LOW HITPOINT WARNING * * *
The leopard gecko closely misses you. You block the leopard gecko's attack.
The orc wizard gestures wildly while chanting.
The orc wizard blinks!
You block the leopard gecko's attack. The orc hits you with a +0 flail.
* * * LOW HITPOINT WARNING * * *
The orc wizard casts a spell.
The orc wizard seems to speed up.
You block the leopard gecko's attack.
The orc wizard hits you with a +0 dagger.
* * * LOW HITPOINT WARNING * * *
You block the leopard gecko's attack.
You open the door.
The orc wizard hits you but does no damage.
An orc comes into view.
The leopard gecko bites you but does no damage.
You block the orc wizard's attack. The leopard gecko closely misses you.
The orc wizard hits you but does no damage.
You block the orc's attack.
The orc priest begins to cast a cantrip, but forgets the words!
The orc wizard barely misses you.
There is an open door here.
The orc priest invokes the aid of Beogh against you.
Beogh smites you!
* * * LOW HITPOINT WARNING * * *
The orc completely misses you. You furiously retaliate!
You headbutt the orc.
The orc wizard mumbles some strange words.
The orc wizard blinks!
Okay, then.
You feel yourself speed up. You block the orc's attack.
There is a stone staircase leading up here.
You climb upwards.
Reactivating autopickup.
There is a stone staircase leading down here.
Okay, then.
It was a potion of stabbing.
You feel ready to backstab. The orc hits you with a +0 flail.
You die...

#..###....##.....##.....+....#
#..###....##.....##.....#....#
.................##....##....#
.................##....##....#
############.....#...........#
...###....##.....##....##...##
..........#########....##...##
.............................#
#######...##....@...........>#
.######...######o########...##
...(......##..##.### ##...##
...................# #.....#
...................# #.....#
..<.......##..##..## #######
###..###..#########
.##..####'## .......'...#


You could see an orc.

Vanquished Creatures
  Pikel (D:4)
  Menkaure (D:4)
  An ogre (D:3)
  A centaur (D:3)
  4 lemures (D:4)
  3 hounds
  A human zombie (Ossuary)
  2 centaur skeletons
  Jessica (D:3)
  An iguana (D:5)
  An orc wizard (D:5)
  2 worker ants
  2 big kobold zombies (Ossuary)
  4 mummies (Ossuary)
  6 adders
  5 worms
  2 dart slugs
  13 orcs
  2 giant cockroaches
  2 gnoll zombies (Ossuary)
  5 goblins
  4 hobgoblins
  A quokka (D:2)
  4 bats
  5 frilled lizards (D:2)
  A hobgoblin zombie (Ossuary)
  A jackal zombie (Ossuary)
  A kobold (D:3)
  2 kobold zombies (Ossuary)
  2 orc zombies (Ossuary)
  7 rats
  A rat zombie (Ossuary)
89 creatures vanquished.

Notes
Turn   | Place    | Note
-------+----------+-------------------------------------------
     0 | D:1      | Notrik the Minotaur Fighter began the quest for the Orb.
     0 | D:1      | Reached XP level 1. HP: 19/19 MP: 0/0
    46 | D:1      | Reached skill level 4 in Fighting
   149 | D:1      | Reached XP level 2. HP: 27/27 MP: 1/1
   867 | D:2      | Reached skill level 5 in Fighting
   867 | D:2      | Reached XP level 3. HP: 28/36 MP: 2/2
  1063 | D:2      | Reached XP level 4. HP: 42/42 MP: 3/3
  1419 | D:3      | Noticed an ogre
  1432 | D:3      | Killed an ogre
  1432 | D:3      | Reached skill level 6 in Fighting
  1432 | D:3      | Reached XP level 5. HP: 20/50 MP: 4/4
  1631 | D:3      | Noticed Jessica
  1648 | D:3      | Found a faded altar of an unknown god.
  1652 | D:3      | Killed Jessica
  2037 | D:3      | Noticed a centaur
  2043 | D:3      | Killed a centaur
  2043 | D:3      | Reached skill level 7 in Fighting
  2043 | D:3      | Reached XP level 6. HP: 60/60 MP: 5/5
  2139 | D:3      | Reached skill level 5 in Axes
  2355 | D:4      | Found a sand-covered staircase.
  2360 | Ossuary  | Entered an ossuary
  2377 | Ossuary  | Reached skill level 8 in Fighting
  2538 | Ossuary  | Reached XP level 7. HP: 64/68 MP: 6/6
  2826 | D:4      | Noticed Pikel
  2868 | D:4      | Noticed Menkaure
  2877 | D:4      | Killed Menkaure
  3417 | D:4      | Killed Pikel
  3417 | D:4      | Reached skill level 10 in Fighting
  3417 | D:4      | Reached XP level 8. HP: 44/79 MP: 7/7
  3815 | D:5      | Entered Level 5 of the Dungeon
  3879 | D:5      | Found a shadowy altar of Dithmenos.
  3970 | D:5      | HP: 4/80 [orc priest/divine providence (12)]
  3977 | D:4      | Slain by an orc

Illustrated notes

Levels and vault maps discovered:
D:1:      lemuel_arrival_tunnels, layout_basic
D:2:      layout_rooms
D:3:      layout_basic, chequers_ecumenical_altar_simple, uniq_jessica
D:4:      layout_gridville, enter_ossuary_5, uniq_pikel, uniq_menkaure
D:5:      layout_loops_corners, grunt_dithmenos_smoke_and_mirrors,
          uniq_blork_the_orc

Skill      XL: |  1  2  3  4  5  6  7 |
---------------+----------------------+-----
Fighting       | 4 5 6 7 8 10 | 10.4
Axes           | 3 4 5 7 |  7.3
Armour         | |  3.6
Shields        | |  3.6

Action                   |  1- 3 |  4- 6 |  7- 9 || total
-------------------------+-------+-------+-------++-------
Melee: War axe           |    61 |    94 |    64 ||   219
       Headbutt          |     8 |    15 |    11 ||    34
  Use: Scroll            |       |     3 |       ||     3
       Potion            |       |       |     2 ||     2
Armor: Scale mail        |    25 |    53 |    24 ||   102
Dodge: Dodged            |    17 |    30 |    19 ||    66
Block: Kite shield       |    24 |    61 |    41 ||   126

Table legend: (Time is in decaauts)
 A = Elapsed time spent in this place.
 B = Non-inter-level travel time spent in this place.
 C = Inter-level travel time spent in this place.
 D = Time resting spent in this place.
 E = Time spent auto-exploring this place.
 F = Levels seen in this place.
 G = Mean time per level.
                   A        B        C        D        E       F      G
               +--------+--------+--------+--------+--------+-----+--------+
         Total |   4064 |   3876 |    188 |    546 |   2635 |   6 |  677.3 |
       Dungeon |   3629 |   3441 |    188 |    396 |   2433 |   5 |  725.8 |
       Ossuary |    434 |    434 |      0 |    150 |    202 |   1 |  434.0 |
               +--------+--------+--------+--------+--------+-----+--------+

Top non-repeatable levels by time:
     D:3: 1174 daAuts
     D:4: 861 daAuts
     D:2: 779 daAuts
     D:1: 638 daAuts
 Ossuary: 434 daAuts
     D:5: 177 daAuts
